 Dungeon Crawl Stone Soup version 0.22.1-1-ga44c0e5 (webtiles) character file.

28371 JeffiDaFish the Fighter (level 13, -35/90 HPs)
             Began as a Gargoyle Fighter on Sept 20, 2018.
             Was the Champion of Okawaru.
             Killed from afar by an ice dragon (39 damage)
             ... with a blast of cold
             ... in an ice cave.
             The game lasted 00:42:08 (16096 turns).

JeffiDaFish the Fighter (Gargoyle Fighter)         Turns: 16096, Time: 00:42:09

Health: -35/90     AC: 37    Str: 32    XL:     13   Next: 38%
Magic:  10/11      EV: 12    Int: 11    God:    Okawaru [******]
Gold:   921        SH: 16    Dex:  9    Spells: 12/12 levels left

rFire    . . .     SeeInvis .   i - +3 whip (elec)
rCold    . . .     Gourm    .   c - +1 shield
rNeg     + . .     Faith    .   y - +7 chain mail of Optimism {Int+2}
rPois    ∞         Spirit   .   (no helmet)
rElec    +         Reflect  .   v - +2 cloak {MR+}
rCorr    .         Harm     .   x - +0 pair of gloves
MR       +....     Clarity  +   (no boots)
Stlth    ++........             (no amulet)
HPRegen  0.25/turn              k - ring of stealth
MPRegen  0.12/turn              z - ring of stealth

@: mighty, heroism, very slightly contaminated
A: clarity, low mp 1, negative energy resistance 1, electricity resistance,
strong 1, unbreathing, petrification resistance, rot immunity, AC +9
a: Heroism, Finesse, Renounce Religion


You were in an ice cave.
You worshipped Okawaru.
Okawaru was exalted by your worship.
You were near starving.

You visited 3 branches of the dungeon, and saw 16 of its levels.
You also visited: Sewer and Ice Cave.

You collected 1047 gold pieces.
You spent 126 gold pieces at shops.

Inventory:

Hand Weapons
 i - a +3 whip of electrocution (weapon)
Armour
 c - a +1 shield (worn)
 p - a scarf of cloud immunity
 r - a +2 plate armour
 v - a +2 cloak of magic resistance (worn)
 x - a +0 pair of gloves (worn)
 y - the +7 chain mail of Optimism (worn) {Int+2}
   (You found it on level 3 of the Lair of Beasts)

   It affects your intelligence (+2).
Jewellery
 k - a ring of stealth (left hand)
 z - a ring of stealth (right hand)
Wands
 a - a wand of digging (13)
 j - a wand of enslavement (8)
 o - a wand of iceblast (14)
Scrolls
 b - 11 scrolls of identify
 g - 2 scrolls of blinking
 h - 12 scrolls of teleportation
 l - 4 scrolls of fear
 m - a scroll of fog
 q - 6 scrolls of remove curse
 t - 2 scrolls of amnesia
 u - a scroll of magic mapping
Potions
 d - 2 potions of might
 n - 3 potions of flight
 s - 2 potions of ambrosia
 w - a potion of mutation
 A - 3 potions of agility
Comestibles
 f - 31 rations


   Skills:
 * Level 14.0(19.0) Fighting
 + Level 9.5(14.5) Maces & Flails
 * Level 14.0(19.0) Armour
 + Level 10.6(15.6) Shields


You had 12 spell levels left.
You didn't know any spells.
Your spell library contained the following spells:

 Spells                   Type           Power        Failure   Level  Hunger
 Animate Skeleton         Necr           N/A          67%         1    ##.....
 Confusing Touch          Hex            #.....       67%         1    ##.....
 Pain                     Necr           #...         67%         1    ##.....
 Summon Butterflies       Summ           #.......     67%         1    ##.....
 Call Canine Familiar     Summ           #.......     95%         3    ####...
 Confuse                  Hex            #.......     95%         3    ####...
 Gell's Gravitas          Tloc           #.........   95%         3    ####...
 Regeneration             Chrm/Necr      #.........   95%         3    ####...
 Vampiric Draining        Necr           #.........   95%         3    ####...
 Animate Dead             Necr           N/A          100%        4    #####..
 Petrify                  Tmut/Erth      #.......     100%        4    #####..
 Summon Ice Beast         Ice/Summ       #.......     100%        4    #####..
 Metabolic Englaciation   Hex/Ice        #.........   100%        5    ######.
 Summon Mana Viper        Hex/Summ       #.......     100%        5    ######.
 Yara's Violent Unravell  Hex/Tmut       #.........   100%        5    ######.
 Summon Hydra             Summ           #.........   100%        7    #######


Dungeon Overview and Level Annotations

Branches:
Dungeon (9/15)             Temple (1/1) D:5            Lair (6/6) D:9
 Shoals (0/4) Lair:4        Snake (0/4) Lair:2        Slime (0/5) Lair:6
    Orc (0/2) D:9

Altars:
Ashenzari
Cheibriados
Dithmenos
Elyvilon
Fedhas
Gozag
Hepliaklqana
Kikubaaqudgha
Makhleb
Nemelex Xobeh
Okawaru
Qazlal
Ru
Sif Muna
Trog
Uskayaw
Vehumet
Wu Jian
Xom
Yredelemnul
Zin
The Shining One

Shops:
D:4 %   D:6 :   D:7 ?

Annotations:
D:2 2 transporters


Innate Abilities, Weirdness & Mutations

You are resistant to torment.
Your stone body is resilient. (AC +9)
You are immune to poison.
You resist negative energy. (rN+)
You are resistant to electric shocks. (rElec)
You can survive without breathing.
You are immune to petrification.
You are immune to rotting.
You possess an exceptional clarity of mind.
Your magical capacity is low. (-10% MP)
Your muscles are strong. (Str +2)


Message History

* * * LOW HITPOINT WARNING * * *
The ice dragon claws you but does no damage.
You block the ice dragon's attack.
Found 47 gold pieces and the ring of the Mage {Wiz MR++ Int+3}.
You block the ice dragon's attack.
The ice dragon claws you but does no damage.
You block the ice dragon's attack.
You whack the ice dragon!
Lightning courses through the ice dragon!
The ice dragon is heavily wounded.
The ice dragon breathes frost at you. The blast of cold hits you!
* * * LOW HITPOINT WARNING * * *
Blink to where?
Press: ? - help, Dir - move target cursor You are very lightly contaminated with residual magic.
As you read the scroll of blinking, it crumbles to dust.
The ice dragon breathes frost at you. The blast of cold hits you!
You die...

#..# ##..
##..#
##.#.
##..##
#..##
###..##
##.##
#...##
##..#
###.###
#..##
##.#..#
##..#
#..##.##
##.##
#.@.#..#
#.#.#
##.#...##
##.##
#..#####
#..#
#...#
##.##
#§.##
#..# #D##
#.## #..#
#..##
#....
#.#.#
##....$
##.##


You could see an ice dragon.

Vanquished Creatures
  Snorg (Lair:3)
  2 hydras (Lair:5)
  A queen ant (D:9)
  2 two-headed ogres (D:9)
  Urug (Lair:1)
  3 elephants (Lair:3)
  A black mamba (Lair:1)
  2 ice statues (IceCv)
  6 spiny frogs
  7 rime drakes
  4 komodo dragons
  A polar bear (Lair:5)
  A hornet (Lair:4)
  12 blink frogs
  9 hippogriffs
  7 dream sheep (Lair:6)
  A spriggan (D:7)
  2 wyverns
  9 yaks
  3 basilisks (Lair:2)
  A hungry ghost (D:9)
  A steam dragon (D:9)
  3 nagas (Lair:2)
  8 soldier ants (D:9)
  A black bear (D:6)
  7 porcupines
  7 water moccasins
  Duvessa (D:7)
  Purgy (Sewer)
  2 orc warriors
  16 ice beasts
  A sky beast (D:6)
  2 phantoms
  4 ogres
  4 wolves (Lair:1)
  11 crocodiles
  5 centaurs
  The ghost of Verideth the Conjurer, an amateur DECj (D:3)
  6 bullfrogs
  A big kobold (D:7)
  Dowan (D:7)
  3 scorpions
  2 wyvern skeletons
  A water moccasin skeleton (D:6)
  A howler monkey (D:7)
  4 crimson imps
  2 jellies
  3 orc priests
  A centaur zombie (D:7)
  Crazy Yiuf (D:3)
  2 bullfrog skeletons
  2 centaur skeletons
  6 hounds
  23 worker ants
  Natasha (thrice) (D:3)
  4 iguanas
  6 orc wizards
  A hound zombie (D:9)
  12 adders
  2 shadow imps
  2 oozes
  An adder skeleton (D:9)
  2 dart slugs
  14 leopard geckos
  31 orcs
  4 ball pythons
  5 giant cockroaches
  12 goblins
  4 hobgoblins
  9 jackals
  2 quokkas
  9 bats
  7 frilled lizards
  14 kobolds
  A quokka skeleton (D:6)
  6 rats
361 creatures vanquished.

Vanquished Creatures (others)
  3 plants
3 creatures vanquished.

Grand Total: 364 creatures vanquished

Notes
Turn   | Place    | Note
-------+----------+-------------------------------------------
     0 | D:1      | JeffiDaFish the Gargoyle Fighter began the quest for the
                  | Orb.
     0 | D:1      | Reached XP level 1. HP: 14/14 MP: 1/1
    80 | D:1      | Reached XP level 2. HP: 15/19 MP: 2/2
   543 | D:1      | Reached XP level 3. HP: 9/23 MP: 3/3
   893 | D:2      | Reached XP level 4. HP: 28/29 MP: 4/4
  1055 | D:2      | Found a shadowy altar of Dithmenos.
  1064 | D:2      | Found a shattered altar of Ashenzari.
  1066 | D:2      | Noticed a sky beast
  1068 | D:2      | Found a transporter.
  1074 | D:2      | Noticed a sky beast
  1082 | D:2      | Found a transporter.
  1501 | D:3      | Found an iron altar of Okawaru.
  1503 | D:3      | Noticed Natasha
  1509 | D:3      | Killed Natasha
  1509 | D:3      | Reached XP level 5. HP: 24/33 MP: 5/5
  1526 | D:3      | Became a worshipper of Warmaster Okawaru
  1564 | D:3      | Found a glowing drain.
  1581 | Sewer    | Entered a sewer
  1642 | Sewer    | Noticed Purgy
  1683 | Sewer    | Killed Purgy
  1683 | Sewer    | Reached skill level 5 in Armour
  1683 | Sewer    | Reached XP level 6. HP: 7/39 MP: 6/6
  2098 | D:3      | Reached * piety under Okawaru
  2118 | D:3      | Reached skill level 5 in Fighting
  2462 | D:3      | Noticed Natasha
  2476 | D:3      | Killed Natasha
  2560 | D:3      | Found a runed door.
  2564 | D:3      | Noticed Crazy Yiuf
  2568 | D:3      | Killed Crazy Yiuf
  2612 | D:3      | Noticed Natasha
  2625 | D:3      | Killed Natasha
  2944 | D:3      | Found a runed door.
  2949 | D:3      | Noticed Verideth's ghost (amateur DECj)
  2960 | D:3      | Reached XP level 7. HP: 44/44 MP: 7/7
  2967 | D:3      | Killed Verideth's ghost
  3664 | D:4      | Found Hin Wiwifa's Food Shoppe.
  3720 | D:5      | Entered Level 5 of the Dungeon
  3982 | D:5      | Found a staircase to the Ecumenical Temple.
  3999 | Temple   | Entered the Ecumenical Temple
  4124 | D:5      | Reached skill level 5 in Shields
  4265 | D:5      | Gained mutation: Your magical capacity is low. (-10% MP)
                  | [potion of mutation]
  4265 | D:5      | Gained mutation: You possess an exceptional clarity of
                  | mind. [potion of mutation]
  4265 | D:5      | Gained mutation: Your muscles are strong. (Str +2) [potion
                  | of mutation]
  4507 | D:6      | Reached XP level 8. HP: 51/52 MP: 7/7
  4520 | D:6      | Reached ** piety under Okawaru
  4548 | D:6      | Found Riozil's Book Emporium.
  4822 | D:6      | Found an opulent altar of Gozag.
  4822 | D:6      | Found an iron altar of Okawaru.
  4822 | D:6      | Found a glowing golden altar of the Shining One.
  4875 | D:6      | Reached *** piety under Okawaru
  4886 | D:6      | Reached XP level 9. HP: 58/58 MP: 8/8
  4888 | D:6      | Found a bloodstained altar of Trog.
  5260 | D:7      | Reached skill level 5 in Maces & Flails
  5448 | D:7      | Found Butz's Magic Scroll Boutique.
  5458 | D:7      | Bought a scroll of enchant weapon for 90 gold pieces
  5458 | D:7      | Bought a scroll of teleportation for 36 gold pieces
  5565 | D:7      | Found a hazy altar of Hepliaklqana.
  5593 | D:7      | Identified a scroll of acquirement
  5594 | D:7      | Got a pair of slimy gloves
  5600 | D:7      | Identified the -5 pair of gloves of the Leaf {rPois Int+3}
                  | (You acquired it on level 7 of the Dungeon)
  5789 | D:7      | Noticed Duvessa
  5790 | D:7      | Noticed Dowan
  5804 | D:7      | Killed Duvessa
  5808 | D:7      | Killed Dowan
  5878 | D:7      | Reached **** piety under Okawaru
  6348 | D:8      | Found a blossoming altar of Fedhas.
  6463 | D:8      | Found a deep blue altar of Sif Muna.
  7304 | D:9      | Reached XP level 10. HP: 59/66 MP: 9/9
  7328 | D:9      | Noticed a two-headed ogre
  7338 | D:9      | Killed a two-headed ogre
  7412 | D:9      | Noticed a two-headed ogre
  7488 | D:9      | Killed a two-headed ogre
  7488 | D:9      | Reached ***** piety under Okawaru
  7488 | D:9      | Reached skill level 10 in Fighting
  7488 | D:9      | Reached skill level 10 in Armour
  7824 | D:9      | Received a gift from Okawaru
  7881 | D:9      | Found a staircase to the Lair.
  8253 | D:9      | Noticed a queen ant
  8279 | D:9      | Killed a queen ant
  8279 | D:9      | Reached XP level 11. HP: 59/73 MP: 9/9
  8441 | D:9      | Found a staircase to the Orcish Mines.
  8991 | D:9      | Found an ancient bone altar of Kikubaaqudgha.
  9086 | Lair:1   | Entered Level 1 of the Lair of Beasts
 10087 | Lair:2   | Noticed Urug
 10252 | Lair:1   | Killed Urug
 10266 | Lair:1   | Received a gift from Okawaru
 10907 | Lair:2   | Reached XP level 12. HP: 61/81 MP: 10/10
 11088 | Lair:2   | Found a staircase to the Snake Pit.
 12053 | Lair:3   | Noticed Snorg
 12064 | Lair:3   | Killed Snorg
 12140 | Lair:3   | Identified the +7 chain mail of Optimism {Int+2} (You found
                  | it on level 3 of the Lair of Beasts)
 13239 | Lair:4   | Found a staircase to the Shoals.
 13654 | Lair:5   | Reached skill level 10 in Shields
 13763 | Lair:5   | Noticed a four-headed hydra
 13775 | Lair:5   | Received a gift from Okawaru
 13784 | Lair:5   | Killed a four-headed hydra
 13963 | Lair:5   | Noticed a seven-headed hydra
 13988 | Lair:5   | Killed a seven-headed hydra
 13988 | Lair:5   | Reached ****** piety under Okawaru
 13988 | Lair:5   | Reached XP level 13. HP: 74/88 MP: 11/11
 14254 | Lair:5   | Received a gift from Okawaru
 14812 | Lair:6   | Entered Level 6 of the Lair of Beasts
 15260 | Lair:6   | Found a frozen archway.
 15285 | IceCv    | Entered an ice cave
 16085 | IceCv    | Noticed an ice dragon
 16085 | IceCv    | Noticed an ice dragon
 16094 | IceCv    | Found the ring of the Mage {Wiz MR++ Int+3}
 16095 | IceCv    | HP: 3/90 [ice dragon/blast of cold (9)]
 16096 | IceCv    | Killed from afar by an ice dragon

Skill      XL: |  1  2  3  4  5  6  7  8  9 10 11 12 13 |
---------------+----------------------------------------+-----
Armour         | 4 5 6 7 9 10 12 13 14 | 14.0
Fighting       | 4 5 6 7 9 10 12 13 14 | 14.0
Shields        | 4 5 6 7 8 9 10 | 10.6
Maces & Flails | 3 4 5 7 8 9 |  9.5

Action                   |  1- 3 |  4- 6 |  7- 9 | 10-12 | 13-15 || total
-------------------------+-------+-------+-------+-------+-------++-------
Melee: Flail             |   114 |   330 |       |       |       ||   444
       Whip              |       |    22 |   401 |   940 |   351 ||  1714
Invok: Heroism           |       |       |       |     1 |     1 ||     2
Evoke: Wand              |       |       |       |     1 |       ||     1
  Use: Scroll            |     2 |     6 |     9 |    10 |     2 ||    29
       Potion            |     1 |     4 |     6 |     2 |     3 ||    16
  Eat: Chunk             |       |     8 |    14 |    24 |     5 ||    51
       Ration            |       |       |       |     1 |       ||     1
Armor: Scale mail        |     3 |       |       |       |       ||     3
       Chain mail        |    71 |   374 |    96 |    77 |   214 ||   832
       Plate armour      |       |       |    86 |   339 |       ||   425
Dodge: Dodged            |    42 |   113 |    48 |   152 |   104 ||   459
Block: Shield            |    69 |   272 |   192 |   476 |   203 ||  1212
